 Dungeon Crawl Stone Soup version 0.22.1-1-ga44c0e56f4 (webtiles) character file.

9392 Freyura the Corrupter of Planes (level 11, -9/83 (84) HPs)
             Began as a Demonspawn Abyssal Knight on Oct 5, 2018.
             Was the Champion of Lugonu.
             Killed from afar by Fannar (17 damage)
             ... with a bolt of cold
             ... on level 11 of the Dungeon.
             The game lasted 00:57:11 (12259 turns).

Freyura the Corrupter of Planes (DsAK)             Turns: 12259, Time: 00:57:11

HP:   -9/83 (84)    AC: 13    Str: 14    XL:     11   Next: 22%
MP:   17/17         EV: 11    Int: 13    God:    Lugonu [******]
Gold: 548           SH:  6    Dex: 10    Spells: 10/10 levels left

rFire    . . .     SeeInvis .   a - +4 falchion
rCold    . . .     Gourm    .   j - +2 buckler
rNeg     . . .     Faith    .   w - +0 scale mail
rPois    .         Spirit   .   (helmet restricted)
rElec    .         Reflect  .   v - +2 cloak {+Inv}
rCorr    .         Harm     .   B - +1 pair of gloves
MR       .....                  (no boots)
Stlth    ..........             (no amulet)
HPRegen  0.23/turn              q - -5 ring of dexterity (curse)
MPRegen  0.15/turn              (no ring)

@: very slightly contaminated, invisible
A: beak, talons 2, demonic guardian 2, powered by death 1
a: Depart the Abyss, Bend Space, Banish, Corrupt, Enter the Abyss, Brand Weapon
With Distortion, Renounce Religion


You were on level 11 of the Dungeon.
You worshipped Lugonu.
Lugonu was exalted by your worship.
You were not hungry.

You visited 1 branch of the dungeon, and saw 11 of its levels.
You visited the Abyss 1 time.
You also visited: Sewer.

You collected 548 gold pieces.

Inventory:

Hand Weapons
 a - a +4 falchion (weapon)
Armour
 i - a +0 shield
 j - a +2 buckler (worn)
 v - a +2 cloak of invisibility (worn)
 w - a +0 scale mail (worn)
 x - a +0 chain mail
 B - a +1 pair of gloves (worn)
Magical Staves
 y - an uncursed staff of wizardry
Jewellery
 q - a cursed -5 ring of dexterity (left hand)
Wands
 n - a wand of enslavement (23)
 o - a wand of random effects (13)
Scrolls
 d - 6 scrolls of identify
 e - 8 scrolls of teleportation
 l - 2 scrolls of fear
 s - 5 scrolls of amnesia
Potions
 b - a potion of curing
 f - a potion of haste
 h - 2 potions of brilliance
 k - a potion of berserk rage
 m - 2 potions of invisibility
 z - a potion of lignification
Comestibles
 c - 12 rations


   Skills:
 + Level 7.4 Fighting
 * Level 9.0 Long Blades
 + Level 6.4 Armour
 + Level 6.1 Dodging
 + Level 2.3 Shields
 + Level 9.0 Invocations
 + Level 5.6 Evocations


You had 10 spell levels left.
You didn't know any spells.
Your spell library contained the following spells:

 Spells                   Type           Power        Failure   Level  Hunger
 Sandblast                Erth           #.....       80%         1    ##.....
 Passwall                 Tmut/Erth      #.......     91%         2    ###....
 Stone Arrow              Conj/Erth      #.....       99%         3    ####...
 Petrify                  Tmut/Erth      #.......     100%        4    #####..
 Lee's Rapid Deconstruct  Erth           #.........   100%        5    ######.


Dungeon Overview and Level Annotations

Branches:
Dungeon (11/15)            Temple (0/1) D:4            Lair (0/6) D:8
    Orc (0/2) D:9

Altars:
Fedhas
Sif Muna

Shops:
D:4 (

Annotations:
D:6 2 transporters, PeterQ's ghost, novice KoEn
D:11 Fannar


Innate Abilities, Weirdness & Mutations

You have razor-sharp toenails.
A demonic guardian rushes to your aid.
You regenerate a little health from kills.
You have a beak for a mouth.


Message History

You slash the ice beast!
The ice beast is severely wounded.
Fannar mumbles some strange words.
Fannar drains the heat from the surrounding environment!
You feel very cold.
* * * LOW HITPOINT WARNING * * *
Fannar and your orange demon are frozen.
Fannar resists.
Fannar is severely wounded.
Your orange demon is moderately wounded.
The ice beast hits your orange demon.
The ice beast freezes your orange demon!
Your orange demon completely misses Fannar.
Your orange demon misses Fannar.
The ice beast closely misses you.
There is a large open door here.
You closely miss Fannar. Your kick misses Fannar. Your peck misses Fannar.
Fannar is severely wounded.
Fannar gestures at you while chanting. The bolt of cold hits you!
You die...

.... ## ........ #> ........ #
#.####........ ..#.#<..........
#.#.)...#...#:.. ##### ########
#.......# .#...##...# #......#
........#...#..Y##...###......###
.#...)......'.4Y@'...'.'.........
.#...)#######..e##...###.........
................##...# #.....<.#
.......#####....##...# #......##
.......#####(...##...# ##......#
.#..##...()))...##...# #...##.#
.........####...##...#####.#...##
######...# #.(.##...##..........
#####...# ##..).....#'##.......


You could see Fannar, 2 ice beasts and a friendly orange demon.

Vanquished Creatures
  A two-headed ogre (D:11)
  Sonja (D:11)
  Grinder (D:5)
  A wraith (D:10)
  4 yaks
  A steam dragon (D:10)
  2 wargs
  2 sky beasts
  3 orc warriors
  A black bear (D:10)
  2 phantoms
  A hornet zombie (D:10)
  3 necrophages
  5 centaurs
  3 ogres
  A crocodile (Sewer)
  2 big kobolds
  3 bullfrogs
  2 scorpions
  15 killer bees
  4 wights (D:9)
  2 howler monkeys
  2 bullfrog zombies
  A jelly (D:7)
  2 hounds
  5 orc priests
  4 bullfrog skeletons
  8 orc wizards
  Crazy Yiuf (D:4)
  4 iguanas
  7 worker ants
  3 hound zombies
  A hound skeleton (D:4)
  A howler monkey zombie (D:11)
  A howler monkey skeleton (D:5)
  A gnoll (D:1)
  10 adders
  3 oozes
  2 adder zombies
  An adder skeleton (D:9)
  2 worms (D:2)
  2 dart slugs
  5 leopard geckos
  31 orcs
  6 bats
  6 giant cockroaches
  10 goblins
  10 hobgoblins
  10 jackals
  5 quokkas
  2 ball pythons
  4 frilled lizards
  27 kobolds
  A leopard gecko skeleton (D:6)
  6 rats
  A bush (D:4)
  A plant (D:2)
246 creatures vanquished.

Vanquished Creatures (collateral kills)
  Josephine (D:10)
  Pikel (D:8)
  An ugly thing (D:11)
  A queen bee (D:9)
  Prince Ribbit (D:5)
  A hornet (D:7)
  A hippogriff (D:7)
  Sigmund (D:2)
  3 yaks
  A wyvern (D:8)
  2 wraiths (D:10)
  A steam dragon (D:8)
  2 hungry ghosts
  3 wargs
  A water moccasin (D:4)
  Purgy (D:4)
  A black bear (D:9)
  2 sky beasts
  A slave (D:8)
  An orc warrior (D:6)
  An ogre (D:4)
  A big kobold (D:11)
  2 bullfrogs
  9 killer bees
  2 hounds
  3 orc wizards
  Jessica (D:2)
  4 worker ants
  A shadow imp (D:11)
  An adder skeleton (D:8)
  9 orcs
  A kobold (D:11)
62 creatures vanquished.

Vanquished Creatures (others)
  A scorpion (D:8)
  An orc wizard (D:11)
  A jackal (D:8)
3 creatures vanquished.

Grand Total: 311 creatures vanquished

Notes
Turn   | Place    | Note
-------+----------+-------------------------------------------
     0 | Abyss:1  | Freyura the Demonspawn Abyssal Knight began the quest for
                  | the Orb.
     0 | Abyss:1  | Reached XP level 1. HP: 18/18 MP: 2/2
    31 | Abyss:1  | Noticed a tentacled starspawn
    32 | D:1      | Escaped the Abyss
    76 | D:1      | Reached skill level 1 in Dodging
    94 | D:1      | Reached * piety under Lugonu
   104 | D:1      | Gained mutation: A weak demonic guardian rushes to your
                  | aid. [demonic ancestry]
   104 | D:1      | Reached XP level 2. HP: 4/24 MP: 4/4
   684 | D:1      | Reached XP level 3. HP: 23/29 MP: 5/5
  1667 | D:2      | Noticed Jessica
  1673 | D:2      | Killed Jessica
  1673 | D:2      | Gained mutation: You have sharp toenails. [demonic
                  | ancestry]
  1673 | D:2      | Reached XP level 4. HP: 33/35 MP: 6/6
  1682 | D:2      | Noticed Sigmund
  1694 | D:2      | Killed Sigmund
  1694 | D:2      | Gained mutation: A demonic guardian rushes to your aid.
                  | [demonic ancestry]
  1694 | D:2      | Reached XP level 5. HP: 41/41 MP: 7/7
  2588 | D:3      | Gained mutation: You have a beak for a mouth. [potion of
                  | mutation]
  2588 | D:3      | Gained mutation: You have razor-sharp toenails. [potion of
                  | mutation]
  2603 | D:3      | Reached ** piety under Lugonu
  3431 | D:4      | Noticed Purgy
  3441 | D:4      | Killed Purgy
  3441 | D:4      | Reached XP level 6. HP: 30/48 MP: 7/9
  3731 | D:4      | Noticed a water moccasin
  3741 | D:4      | Killed a water moccasin
  3998 | D:4      | Found a staircase to the Ecumenical Temple.
  4111 | D:4      | Found Xuquhiugh's Antique Weapon Emporium.
  4217 | D:4      | Found a runed door.
  4300 | D:4      | Noticed Crazy Yiuf
  4309 | D:4      | Killed Crazy Yiuf
  4309 | D:4      | Reached XP level 7. HP: 31/54 MP: 10/10
  4616 | D:5      | Entered Level 5 of the Dungeon
  4616 | D:5      | Noticed Grinder
  4622 | D:5      | Killed Grinder
  4630 | D:5      | Reached skill level 5 in Invocations
  4895 | D:5      | Reached skill level 5 in Long Blades
  4996 | D:5      | Found a glowing drain.
  4999 | D:5      | Reached *** piety under Lugonu
  5013 | Sewer    | Entered a sewer
  5098 | Sewer    | Reached skill level 1 in Evocations
  5098 | Sewer    | Reached XP level 8. HP: 26/61 MP: 12/12
  5389 | D:5      | Reached skill level 5 in Fighting
  5909 | D:5      | Noticed Prince Ribbit
  5921 | D:5      | Killed Prince Ribbit
  6135 | D:6      | Found a transporter.
  6147 | D:6      | Found a transporter.
  6147 | D:6      | Noticed PeterQ's ghost (novice KoEn)
  6914 | D:7      | Noticed a hornet
  6914 | D:7      | Noticed a hippogriff
  6920 | D:7      | Killed a hornet
  6923 | D:7      | Killed a hippogriff
  7231 | D:7      | Reached XP level 9. HP: 68/68 MP: 13/13
  7664 | D:7      | Found a deep blue altar of Sif Muna.
  7830 | D:7      | Reached **** piety under Lugonu
  8605 | D:8      | Noticed Pikel
  8619 | D:8      | Killed Pikel
  8619 | D:8      | Reached skill level 5 in Armour
  8695 | D:8      | Reached skill level 5 in Dodging
  8775 | D:8      | Found a staircase to the Lair.
  8862 | D:8      | Gained mutation: You regenerate a little health from kills.
                  | [demonic ancestry]
  8862 | D:8      | Reached XP level 10. HP: 48/76 MP: 15/15
  9599 | D:9      | Reached ***** piety under Lugonu
 10611 | D:9      | Reached skill level 1 in Shields
 10611 | D:9      | Reached skill level 5 in Evocations
 10621 | D:9      | Found a staircase to the Orcish Mines.
 10635 | D:10     | Entered Level 10 of the Dungeon
 10826 | D:10     | Found a blossoming altar of Fedhas.
 11103 | D:10     | Noticed Josephine
 11119 | D:10     | Killed Josephine
 11766 | D:11     | Noticed a two-headed ogre
 11776 | D:11     | Killed a two-headed ogre
 11776 | D:11     | Reached XP level 11. HP: 59/83 MP: 17/17
 11876 | D:11     | Noticed a red ugly thing
 11878 | D:11     | Noticed Fannar
 11879 | D:11     | Noticed Sonja
 11900 | D:11     | Killed a red ugly thing
 11900 | D:11     | Reached ****** piety under Lugonu
 12000 | D:11     | Killed Sonja
 12259 | D:11     | Killed from afar by Fannar

Skill      XL: |  1  2  3  4  5  6  7  8  9 10 11 |
---------------+----------------------------------+-----
Dodging        | 1 2 3 4 5 6 |  6.1
Long Blades    | 2 3 4 5 6 7 8 9 |  9.0
Armour         | 2 3 4 5 6 |  6.4
Invocations    | 3 4 5 6 7 8 9 |  9.0
Fighting       | 4 5 6 7 |  7.4
Evocations     | 1 2 4 5 |  5.6
Shields        | 1 2 |  2.3

Action                   |  1- 3 |  4- 6 |  7- 9 | 10-12 || total
-------------------------+-------+-------+-------+-------++-------
Melee: Falchion          |   100 |   158 |   408 |   376 ||  1042
       Kick              |       |    49 |   140 |   108 ||   297
       Peck              |       |    14 |    84 |    62 ||   160
Invok: Depart the Abyss  |     1 |       |       |       ||     1
  Use: Scroll            |     3 |     9 |    11 |     4 ||    27
       Potion            |       |     4 |     5 |     4 ||    13
 Stab: Sleeping          |       |       |     1 |       ||     1
       Invisible         |       |       |       |     1 ||     1
  Eat: Ration            |     1 |     2 |     6 |     3 ||    12
       Chunk             |       |       |     1 |       ||     1
Armor: Leather armour    |    26 |    13 |    16 |       ||    55
       Scale mail        |       |       |   146 |   144 ||   290
Dodge: Dodged            |    71 |    78 |   215 |   203 ||   567
Block: Buckler           |       |       |       |    23 ||    23
       Rpst.: Falchion   |    18 |    20 |    74 |    65 ||   177
